 Dungeon Crawl Stone Soup version 0.27-a0-550-ge92ec0ca06 (webtiles) character file.

Game seed: 12331538866089738753

624 sahdkjhfkaj the Chopper (level 7, -5/55 HPs)
             Began as a Hill Orc Conjurer on Mar 7, 2021.
             Killed by divine providence
             ... invoked by an orc priest
              (12 damage)
             ... on level 4 of the Dungeon.
             The game lasted 00:05:56 (5756 turns).

sahdkjhfkaj the Chopper (Hill Orc Conjurer)         Turns: 5756, Time: 00:05:56

Health: -5/55      AC:  7    Str: 18    XL:     7   Next: 47%
Magic:  9/9        EV: 10    Int: 18    God:
Gold:   205        SH:  0    Dex:  9    Spells: 8/9 levels left

rFire    . . .     SeeInvis .   b - +0 hand axe
rCold    + . .     Faith    .   (no shield)
rNeg     . . .     Spirit   .   o - +0 scale mail
rPois    .         Reflect  .   (no helmet)
rElec    .         Harm     .   (no cloak)
rCorr    .         Rampage  .   (no gloves)
Will     .....                  (no boots)
Stlth    ..........             (no amulet)
HPRegen  0.18/turn              q - ring of protection from cold
MPRegen  0.11/turn              l - +6 ring of strength

@: attractive
A: no striking features
a: Convert to Beogh


You were on level 4 of the Dungeon.
You visited 1 branch of the dungeon, and saw 4 of its levels.

You collected 205 gold pieces.

Inventory:

Hand Weapons
 a - a +1 dagger of venom
 b - a +0 hand axe (weapon)
Armour
 o - a +0 scale mail (worn)
Jewellery
 l - a +6 ring of strength (right hand)
 q - a ring of protection from cold (left hand)
 r - a ring of wizardry
Scrolls
 e - 2 scrolls of teleportation {unknown}
 h - a scroll of fear {unknown}
 i - a scroll of identify {unknown}
 j - 3 scrolls of amnesia {unknown}
 k - a scroll of magic mapping {unknown}
 m - a scroll of fog {unknown}
 s - a scroll of immolation {unknown}
Potions
 c - a potion of attraction
 d - a potion of mutation {unknown}
 f - a potion of lignification {unknown}
 g - a potion of degeneration {unknown}
 n - a potion of brilliance {unknown}
 p - a potion of curing {unknown}


   Skills:
 - Level 2.0 Fighting
 + Level 6.5 Axes
 - Level 6.0 Armour
 - Level 1.5 Dodging
 - Level 1.5 Stealth
 - Level 1.5 Spellcasting
 - Level 4.0 Conjurations


You had 8 spell levels left.
You knew the following spells:

 Your Spells              Type           Power      Damage    Failure   Level
a - Magic Dart            Conj           60%        1d6       11%         1

Your spell library contained the following spells:

 Spells                   Type           Power      Damage    Failure   Level
 Searing Ray              Conj           30%        3d4       16%         2
 Dazzling Flash           Conj/Hex       16%        N/A       58%         3
 Fulminant Prism          Conj/Hex       4%         3d6       94%         4
 Iskenderun's Mystic Bla  Conj/Tloc      8%         2d4       94%         4


Dungeon Overview and Level Annotations

Branches:
Dungeon (4/15)
 Temple: D:4-7

Altars:
Ashenzari
Nemelex Xobeh
Qazlal
Xom


Message History

You hit the orc priest but do no damage.
Something hits you.
The orc priest hits you but does no damage.
You barely miss something. You hit the orc.
You hit the orc priest but do no damage.
Something hits you but does no damage. The orc barely misses you.
You closely miss something. You barely miss the orc.
You hit the orc priest but do no damage.
The orc priest closely misses you. Something hits you.
The orc hits you with a +0 club.
You miss something.
You hit the orc priest but do no damage.
The orc priest shouts, "Join the one true god or die!"
You hit the orc but do no damage.
The orc priest mumbles some strange prayers to Beogh against you.
Beogh smites you! Something hits you.
* * * LOW HITPOINT WARNING * * *
x2 The orc hits you but does no damage.
You barely miss something.
The orc priest shouts, "Surrender to Beogh and we'll let you live!"
You hit the orc priest but do no damage.
You hit the orc.
The orc priest hits you but does no damage.
Something hits you but does no damage.
Unknown command.
Unknown command.
You miss something. You hit the orc.
You kill the orc!
You closely miss the orc priest.
The orc priest shouts, "Join the one true god or die!"
The orc priest shouts, "Surrender to Beogh and we'll let you live!"
The orc priest closely misses you.
Unknown command.
It was a potion of attraction.
You feel attractive to monsters. Something hits you.
* * * LOW HITPOINT WARNING * * *
x2 The orc priest mumbles some strange prayers to Beogh against you.
Beogh smites you!
You die...

.#............#..........#
.'............#..........#
.#............#..........#
.#............#..........#
.####.#######.####...#####
.###### #######...####
....# #.....#......# ....#
#.....#......# ....#
#....@o......# ....#
#...>{#......# #..##
###..##..##.## #+## #..
#..# '# ...+ .'.. (... ..
...# ..#.......#... ##+#
#.########## #. #.. ## ...


You could see an orc priest.

Vanquished Creatures
  A phantom (D:4)
  A scorpion (D:4)
  An orc priest (D:3)
  A jelly (D:3)
  A centaur skeleton (D:4)
  An iguana (D:4)
  2 worker ants (D:4)
  A hound skeleton (D:4)
  Robin (D:2)
  11 gnolls
  10 adders
  A shadow imp (D:4)
  3 worms
  A dart slug (D:1)
  A leopard gecko (D:4)
  5 orcs
  2 ball pythons
  8 bats
  4 giant cockroaches
  15 goblins
  13 hobgoblins
  6 jackals
  2 quokkas
  3 frilled lizards
  7 kobolds
  2 leopard gecko skeletons (D:4)
  7 rats
111 creatures vanquished.

Notes
Turn   | Place    | Note
-------+----------+-------------------------------------------
     0 | D:1      | sahdkjhfkaj the Hill Orc Conjurer began the quest for the
                  | Orb.
     0 | D:1      | Reached XP level 1. HP: 14/14 MP: 3/3
    50 | D:1      | Reached skill level 1 in Fighting
   275 | D:1      | Reached XP level 2. HP: 24/24 MP: 2/4
   463 | D:1      | Reached skill level 1 in Armour
  1068 | D:2      | Reached XP level 3. HP: 29/29 MP: 2/5
  1620 | D:2      | Reached XP level 4. HP: 26/36 MP: 2/6
  2115 | D:2      | Reached skill level 1 in Axes
  2206 | D:2      | Reached XP level 5. HP: 38/41 MP: 0/7
  2412 | D:2      | Noticed Robin
  2420 | D:2      | Killed Robin
  2851 | D:2      | Found a faded altar of an unknown god.
  3668 | D:3      | Reached XP level 6. HP: 48/48 MP: 0/8
  3754 | D:3      | Reached skill level 5 in Axes
  4035 | D:3      | Found a broken altar of Ashenzari.
  4035 | D:3      | Found a shimmering altar of Xom.
  4035 | D:3      | Found a sparkling altar of Nemelex Xobeh.
  5002 | D:4      | Found a stormy altar of Qazlal.
  5170 | D:4      | Reached skill level 5 in Armour
  5230 | D:4      | Reached XP level 7. HP: 40/55 MP: 1/9
  5739 | D:4      | Identified the +4 hand axe "Beetleslayer" {vorpal, Int+3
                  | Dex+4}
  5756 | D:4      | Killed from afar by an orc priest

Illustrated notes

Levels and vault maps discovered:
D:1:      moated_graveyard_arrival, layout_rooms
D:2:      layout_basic, chequers_ecumenical_altar_grove, uniq_robin
D:3:      layout_rooms, gammafunk_temple_overflow_claw
D:4:      layout_gridville, nicolae_qazlal_scattered_showers, temple_hall,
          gammafunk_ghost_nasty_kobolds, chequers_mini_garden,
          minmay_fractal_squares_gapless_5

Skill      XL: |  1  2  3  4  5  6  7 |
---------------+----------------------+-----
Fighting       | 1 2 |  2.0
Armour         | 2 3 4 5 6 |  6.0
Axes           | 1 4 6 |  6.5
Dodging        | |  1.5
Stealth        | |  1.5
Spellcasting   | |  1.5
Conjurations   | |  4.0

Action                   |  1- 3 |  4- 6 |  7- 9 || total
-------------------------+-------+-------+-------++-------
Melee: Unarmed           |    28 |       |       ||    28
       Dagger            |     7 |   111 |    16 ||   134
       Hand axe          |       |       |    35 ||    35
 Cast: Magic Dart        |    67 |   170 |     2 ||   239
  Use: Potion            |       |       |     1 ||     1
Armor: Robe              |    25 |       |       ||    25
       Ring mail         |       |    36 |       ||    36
       Scale mail        |       |    11 |    20 ||    31
Dodge: Dodged            |    52 |    86 |    21 ||   159

Table legend: (Time is in decaauts)
 A = Elapsed time spent in this place.
 B = Non-inter-level travel time spent in this place.
 C = Inter-level travel time spent in this place.
 D = Time resting spent in this place.
 E = Time spent auto-exploring this place.
 F = Levels seen in this place.
 G = Mean time per level.
                   A        B        C        D        E       F      G
               +--------+--------+--------+--------+--------+-----+--------+
         Total |   5756 |   5627 |    129 |      0 |   4791 |   4 | 1439.0 |
       Dungeon |   5756 |   5627 |    129 |      0 |   4791 |   4 | 1439.0 |
               +--------+--------+--------+--------+--------+-----+--------+

Top non-repeatable levels by time:
     D:2: 2176 daAuts
     D:1: 1325 daAuts
     D:3: 1181 daAuts
     D:4: 1071 daAuts
